 Dungeon Crawl Stone Soup version 0.28.0-1-gb440e238dd (webtiles) character file.

Game seed: 8085004403375390919

567 bande the Covered (level 7, -5/44 HPs)
             Began as a Gargoyle Fighter on Feb 21, 2022.
             Killed by divine providence
             ... invoked by an orc priest
              (11 damage)
             ... on level 5 of the Dungeon.
             The game lasted 00:07:04 (5619 turns).

bande the Covered (Gargoyle Fighter)                Turns: 5619, Time: 00:07:05

Health: -5/44      AC: 12    Str: 21    XL:     7   Next: 33%
Magic:  7/7        EV:  9    Int:  9    God:
Gold:   196        SH: 10    Dex: 11    Spells: 6/6 levels left

rFire   . . .      SeeInvis .   a - +0 war axe
rCold   . . .      Faith    .   c - +0 buckler
rNeg    + . .      Spirit   .   b - +0 scale mail
rPois   ∞          Reflect  +   (no helmet)
rElec   +          Harm     .   (no cloak)
rCorr   .          Rampage  .   (no gloves)
Will    .....                   (no boots)
Stlth   ..........              k - amulet of Rumauti {Reflect Str+2 SH+5}
HPRegen 0.14/turn               (no ring)
MPRegen 0.10/turn               (no ring)

@: no status effects
A: sickness immunity, AC +4, negative energy resistance 1, electricity
resistance, torment resistance 1, petrification resistance
a: no special abilities


You were on level 5 of the Dungeon.
You visited 2 branches of the dungeon, and saw 6 of its levels.

You collected 196 gold pieces.

Inventory:

Hand Weapons
 a - a +0 war axe (weapon)
 l - a +0 war axe
 m - a +0 flail
Missiles
 e - a throwing net (quivered)
Armour
 b - a +0 scale mail (worn)
 c - a +0 buckler (worn)
Jewellery
 k - the amulet of Rumauti (around neck) {Reflect Str+2 SH+5}
   (You found it on level 4 of the Dungeon)

   [amulet of reflection]

   It reflects blocked missile attacks.
   Str:       It affects your strength (+2).
   SH:        It affects your SH (+5).
Scrolls
 g - a scroll of fear
 h - a scroll of identify
Potions
 d - a potion of might
 f - a potion of curing
 i - a potion of haste
 j - a potion of brilliance


   Skills:
 + Level 4.5 Fighting
 + Level 5.0 Axes
 + Level 5.2 Armour
 - Level 0.1 Dodging
 - Level 0.2 Stealth
 + Level 4.5 Shields


You had 6 spell levels left.
You didn't know any spells.
Your spell library contained the following spells:

 Spells                   Type           Power      Damage    Failure   Level
 Sting                    Tmut/Pois      0%         1d3       80%         1
 Poisonous Vapours        Pois/Air       0%         N/A       90%         2
 Portal Projectile        Hex/Tloc       0%         N/A       99%         3
 Leda's Liquefaction      Hex/Erth       0%         N/A       100%        4
 Olgreb's Toxic Radiance  Pois           0%         N/A       100%        4
 Fireball                 Conj/Fire      0%         3d3       100%        5
 Iskenderun's Battlesphe  Conj           0%         2d6       100%        5
 Summon Forest            Summ/Tloc      0%         N/A       100%        5
 Conjure Ball Lightning   Conj/Air       0%         3x3d6     100%        6
 Enfeeble                 Hex            0%         N/A       100%        7
 Malign Gateway           Summ/Tloc      0%         N/A       100%        7
 Orb of Destruction       Conj           0%         9d5       100%        7


Dungeon Overview and Level Annotations

Branches:
Dungeon (5/15)             Temple (1/1) D:5

Altars:
Dithmenos
Elyvilon
Fedhas
Gozag
Kikubaaqudgha
Makhleb
Qazlal
Ru
Sif Muna
Trog
Uskayaw
Xom
Yredelemnul
The Shining One


Innate Abilities, Weirdness & Mutations

You are immune to sickness and miasma.
Your stone body is resilient. (AC +4)
You are immune to poison.
You resist negative energy. (rN+)
You are resistant to electric shocks. (rElec)
You are resistant to unholy torment.
You are immune to petrification.


Message History

You slash the iguana!
The iguana is severely wounded.
You miss the phantom.
The orc priest invokes the aid of Beogh against you.
Beogh smites you! The phantom hits you.
The orc wizard casts a spell.
The orc wizard flickers and vanishes!
Deactivating autopickup; reactivate with Ctrl-A.
The iguana bites you but does no damage.
You closely miss the orc wizard. You hit the orc wizard.
You closely miss the iguana. You miss the phantom.
The orc wizard barely misses you. The phantom closely misses you.
The orc wizard points at you and mumbles some strange words.
The magic dart hits you.
The iguana bites you but does no damage.
The phantom hits you.
The orc wizard hits you but does no damage.
The orc wizard completely misses you.
You closely miss the orc wizard. You barely miss the phantom.
You barely miss the iguana. You slash the orc wizard!
You kill the orc wizard!
The iguana bites you!
* * * LOW HITPOINT WARNING * * *
The orc wizard completely misses you.
The phantom hits you but does no damage.
The iguana bites you but does no damage.
Your Axes skill increases to level 5!
You bump into the rock wall.
The phantom barely misses you.
The orc wizard hits you but does no damage.
The iguana bites you but does no damage.
You hit the orc wizard.
The orc wizard is lightly wounded.
You closely miss something. You barely miss the iguana. You miss the phantom.
You feel less confused. You block the orc wizard's attack.
The phantom hits you.
* * * LOW HITPOINT WARNING * * *
The phantom blinks!
You blink.
The orc priest mumbles some strange prayers to Beogh against you.
Beogh smites you!
You die...

# #...#.... #
#...:... # #
#......#.# #
#........ ####
#......# #...
#.....o# #...
#....)o# #...
#.@.ol§#########...
#W...§........#....
######........#....
............'....
#........#....
#[.......#####
#.####'### #.# #.#
#.# #.#


You could see a phantom, an iguana, an orc priest, an orc wizard and an orc.

Vanquished Creatures
  A black bear (D:4)
  Blork the orc (D:5)
  A scorpion (D:4)
  A water moccasin skeleton (D:4)
  A jelly (D:4)
  An orc priest (D:5)
  A bullfrog skeleton (D:5)
  An orc wizard (D:5)
  A hound skeleton (D:4)
  A howler monkey skeleton (D:4)
  7 adders
  4 adder skeletons (D:4)
  6 orcs
  7 bats
  11 endoplasms
  4 giant cockroaches
  6 goblins
  9 hobgoblins
  4 jackals (D:2)
  8 kobolds
  4 quokkas
  6 ball pythons
  3 frilled lizards
  4 rats
  A bush (D:2)
94 creatures vanquished.

Vanquished Creatures (others)
  2 fungi (D:1)
  6 plants
8 creatures vanquished.

Grand Total: 102 creatures vanquished

Notes
Turn   | Place    | Note
-------+----------+-------------------------------------------
     0 | D:1      | bande the Gargoyle Fighter began the quest for the Orb.
     0 | D:1      | Reached XP level 1. HP: 14/14 MP: 1/1
   125 | D:1      | Reached XP level 2. HP: 13/19 MP: 2/2
   568 | D:1      | Reached XP level 3. HP: 23/23 MP: 3/3
   579 | D:1      | Found a faded altar of an unknown god.
   962 | D:2      | Got the Disquisition on Creative Poison
  1199 | D:2      | Reached XP level 4. HP: 21/29 MP: 4/4
  2390 | D:3      | Reached XP level 5. HP: 33/33 MP: 5/5
  3193 | D:4      | Reached XP level 6. HP: 12/38 MP: 6/6
  3841 | D:4      | Got the Reference Book on Beguiling and Intoxication
  3962 | D:4      | Noticed a black bear
  3981 | D:4      | Killed a black bear
  4596 | D:4      | Identified the amulet of Rumauti {Reflect Str+2 SH+5}
  4625 | D:5      | Entered Level 5 of the Dungeon
  4633 | D:5      | Noticed Blork the orc
  4921 | D:5      | Reached XP level 7. HP: 38/44 MP: 7/7
  4922 | D:5      | Killed Blork the orc
  4923 | D:5      | Reached skill level 5 in Armour
  5135 | D:5      | Found a staircase to the Ecumenical Temple.
  5161 | Temple   | Entered the Ecumenical Temple
  5618 | D:5      | Reached skill level 5 in Axes
  5619 | D:5      | Killed from afar by an orc priest

Illustrated notes

Levels and vault maps discovered:
D:1:      psy_arrival_conway, layout_basic, dreamdust_ecumenical_altar_grove
D:2:      layout_basic, serial_forest, infiniplex_forest_clump_curved,
          infiniplex_forest_lined_4_way, infiniplex_forest_clump_medium,
          infiniplex_forest_lined_3, infiniplex_forest_corner_2,
          infiniplex_forest_clump_long, infiniplex_forest_end_1
D:3:      layout_loops_ring
D:4:      layout_rooms, kennysheep_nondescript
D:5:      layout_basic, minmay_temple_entry_proselytizer, serial_shops,
          nicolae_shop_advertising_works [nicolae_subvault_shop_adworks],
          uniq_sigmund, uniq_blork_the_orc
Temple:   eino_temple_water

Skill      XL: |  1  2  3  4  5  6  7 |
---------------+----------------------+-----
Axes           | 2 3 4 5 |  5.0
Armour         | 4 5 |  5.2
Fighting       | 4 |  4.5
Shields        | 4 |  4.5
Dodging        | |  0.1
Stealth        | |  0.2

Action                   |  1- 3 |  4- 6 |  7- 9 || total
-------------------------+-------+-------+-------++-------
Melee: War axe           |   111 |   251 |    23 ||   385
  Use: Scroll            |       |     8 |       ||     8
Armor: Scale mail        |    65 |   143 |    12 ||   220
Dodge: Dodged            |    58 |   128 |    10 ||   196
Block: Buckler           |    28 |    64 |     8 ||   100
